 Dungeon Crawl Stone Soup version 0.31.0-32-g396128a36d (webtiles) character file.

Game seed: 3517366117630897782

84 cdecastro the Cudgeller (level 4, -1/36 HPs)
             Began as an Armataur Warper on Mar 8, 2024.
             Was a Believer of Dithmenos.
             Slain by an orc
             ... wielding a +0 war axe of electrocution
              (11 damage)
             ... on level 2 of the Dungeon.
             The game lasted 00:02:41 (1645 turns).

cdecastro the Cudgeller (Armataur Warper)           Turns: 1645, Time: 00:02:42

Health: -1/36      AC:  5    Str: 18    XL:     4   Next: 23%
Magic:  6/6        EV:  8    Int: 13    God:    Dithmenos [**....]
Gold:   105        SH:  0    Dex: 10    Spells: 6/6 levels left

rFire   . . .        a - +0 mace
rCold   . . .        (no shield)
rNeg    . . .        k - +0 ring mail
rPois   .            (no helmet)
rElec   .            (no cloak)
rCorr   .            (no gloves)
SInv    .            (no barding)
Will    .....        (no amulet) Stlth
                     (no ring)
HPRegen 0.26/turn    (no ring)
MPRegen 0.10/turn

%: roll
@: wreathed by umbra
A: large, deformed body, tough skin 3, armoured tail, roll 1
a: Renounce Religion, Shadow Step


You were on level 2 of the Dungeon.
You worshipped Dithmenos.
Dithmenos was pleased with you.
You visited 1 branch of the dungeon, and saw 3 of its levels.

You collected 105 gold pieces.

Inventory:

Hand Weapons
 a - a +0 mace (weapon)
Missiles
 d - 7 darts of dispersal (quivered)
Armour
 b - a +0 leather armour
 k - a +0 ring mail (worn)
Magical Staves
 g - a staff of conjuration
Scrolls
 c - 2 scrolls of blinking
 e - a scroll of summoning {unknown}
 l - a scroll of teleportation {unknown}
 n - a scroll of amnesia {unknown}
 o - a scroll of revelation {unknown}
 p - a scroll of identify {unknown}
Potions
 f - a potion of brilliance {unknown}
 h - 2 potions of heal wounds {unknown}
 i - a potion of haste {unknown}
 j - 2 potions of attraction {unknown}
 m - a potion of curing {unknown}


   Skills:
 - Level 1.7 Fighting
 + Level 4.1 Maces & Flails
 - Level 0.8 Throwing
 - Level 1.2 Armour
 - Level 1.3 Dodging
 - Level 1.7 Spellcasting
 - Level 3.0 Translocations


You had 6 spell levels left.
You didn't know any spells.
Your spell library contained the following spells:

 Spells                   Type           Power      Damage    Failure   Level
 Blink                    Tloc           16%        N/A       21%         2
 Lesser Beckoning         Tloc           16%        N/A       21%         2
 Teleport Other           Tloc           8%         N/A       38%         3
 Manifold Assault         Tloc           8%         N/A       80%         4
 Vhi's Electric Charge    Tloc/Air       10%        N/A       94%         4


Dungeon Overview and Level Annotations

Branches:
Dungeon (3/15)

Altars:
Dithmenos


Innate Abilities, Weirdness & Mutations

Armour fits poorly on your strangely shaped body.
You have extremely tough skin. (AC +3)
You have a long armoured tail.
You regenerate magic when rolling toward enemies. (Rampage MPRegen)


Message History

You hit the orc.
Your tail-slap misses the orc.
The orc is almost dead.
The orc closely misses you. The orc barely misses you.
You hit the orc.
You kill the orc!
Dithmenos accepts your kill. The orc hits you with a +0 dagger.
The orc hits you with a +0 dagger.
Things that are here:
a +0 flail; an orc corpse You hit the orc.
You tail-slap the orc.
You kill the orc!
Dithmenos accepts your kill.
You see here a +0 dagger.
You see here a +0 dagger.
Things that are here:
a +0 flail; an orc corpse
There is a stone staircase leading down here.
You start resting.
HP restored.
You climb downwards.
The orc hits you with a +0 war axe of electrocution.
You are electrocuted!
The orc hits you but does no damage.
The orc hits you with a +0 war axe of electrocution.
* * * LOW HITPOINT WARNING * * *
You are electrocuted!
* * * LOW HITPOINT WARNING * * *
There is a stone staircase leading up, spattered with blood here.
Press: ? - help, v - describe, . - travel
Here: an orc, wielding a +0 war axe of electrocution and wearing a +0 ring mail (umbra)
The floor.
Unknown command.
Unknown command.
The orc hits you but does no damage. The orc attacks as it pursues you!
The orc closely misses you. The orc attacks as it pursues you!
The orc hits you with a +0 war axe of electrocution.
* * * LOW HITPOINT WARNING * * *
You are electrocuted!
You die...

#############
##.....#.....##
##.............##
#####.............o.#
#...............§...##
#...................†.
#.<.o@................
#...o...>.............
#........^............
#.................#...
#........###.#.###....
#..........÷.....#....
############.#........
#...)......
########.##.......


You could see 2 orcs.

Vanquished Creatures
  3 adders (D:2)
  A dart slug (D:2)
  2 ribbon worms (D:2)
  2 orcs (D:1)
  3 ball pythons
  4 endoplasms
  3 giant cockroaches
  A goblin (D:1)
  7 hobgoblins
  2 jackals (D:2)
  6 kobolds
  2 quokkas (D:1)
  A bat (D:1)
  4 frilled lizards
  6 rats
47 creatures vanquished.

Notes
Turn   | Place    | Note
-------+----------+-------------------------------------------
     0 | D:1      | cdecastro the Armataur Warper began the quest for the Orb.
     0 | D:1      | Reached XP level 1. HP: 17/17 MP: 3/3
    78 | D:1      | Reached skill level 2 in Maces & Flails
   301 | D:1      | Reached XP level 2. HP: 19/23 MP: 4/4
   489 | D:1      | Found a faded altar of an unknown god.
   496 | D:1      | Prayed at the altar of an unknown god.
   496 | D:1      | Became a worshipper of Dithmenos the Shadowed
   496 | D:1      | Reached * piety under Dithmenos
   576 | D:1      | Reached skill level 3 in Maces & Flails
   810 | D:2      | Reached XP level 3. HP: 25/29 MP: 5/5
  1211 | D:2      | Reached skill level 4 in Maces & Flails
  1211 | D:2      | Reached XP level 4. HP: 32/36 MP: 6/6
  1301 | D:2      | Reached ** piety under Dithmenos
  1645 | D:2      | Slain by an orc

Illustrated notes

Levels and vault maps discovered:
D:1:      roderic_crossed_star, layout_basic, shapermc_ecumenical_altar_pompeii,
          dreamdust_princess_bridge, minmay_strange_pillars
D:2:      layout_rooms
D:3:      layout_basic, mainiacjoe_overflow_big_doors, serial_bayou_ford_a

Skill      XL: |  1  2  3 |
---------------+----------+-----
Maces & Flails | 2 3 4 |  4.1
Fighting       | |  1.7
Throwing       | |  0.8
Armour         | |  1.2
Dodging        | |  1.3
Spellcasting   | |  1.7
Translocations | |  3.0

Action                     |  1- 3 |  4- 6 || total
---------------------------+-------+-------++-------
  Melee: Mace              |   125 |    26 ||   151
         Tailslap          |    12 |     5 ||    17
         Punch             |     1 |       ||     1
 Armour: Leather armour    |    72 |       ||    72
         Ring mail         |    15 |    46 ||    61
  Dodge: Dodged            |    70 |    21 ||    91
